 Dungeon Crawl Stone Soup version 0.31-a0-1074-g0b22e4e0f1 (webtiles) character file.

Game seed: 15211270689315627022

1573073 ParallaxScroll the Slayer (level 26, 201/201 HPs)
             Began as an Octopode Artificer on Nov 30, 2023.
             Was an Initiate of Gozag.
             Escaped with the Orb
             ... and 3 runes on Dec 2, 2023!
             The game lasted 09:21:50 (75784 turns).

ParallaxScroll the Slayer (Octopode Artificer)     Turns: 75784, Time: 09:21:50

Health: 201/201    AC: 13    Str: 27    XL:     26   Next: 96%
Magic:  27/27      EV: 30    Int: 34    God:    Gozag
Gold:   253        SH: 25    Dex: 25    Spells: 8/31 levels left

rFire   + . .        b - +10 double sword "Axteimu" {heavy, Str+2}
rCold   + . .        h - +3 kite shield "Pamykhuhu" {Regen+}
rNeg    + . .        (helmet currently unavailable)
rPois   .            K - amulet of Xule {Reflect rElec rC++ Int+4 SH+5}
rElec   +            U - ring "Lungolea" {Will+ rCorr Str+6 Stlth+}
rCorr   +            l - +4 ring of slaying
SInv    +            T - +4 ring of protection
Will    ++...        g - ring "Lemui" {rElec rN+ Int+8}
Stlth   +++          p - ring "Recvop" {Int+7 Slay+4 SInv}
HPRegen 1.33/turn    w - +4 ring of protection
MPRegen 0.20/turn    B - ring of Ilufem {Fire Str+5 SInv}
                     Q - ring "Yzidd" {AC+4 Int+2 Dex+3}

%: reflection
@: beast-form, studying Ranged Weapons, bribing [the Dungeon, the Vaults, the
Realm of Zot, the Depths]
A: beast (slay +4), almost no armour, amphibious, 8 rings, camouflage 1,
gelatinous body 1, (nimble swimmer 1), tentacles
0: Orb of Zot
}: 3/15 runes: decaying, serpentine, silver
a: Begin Untransformation, Renounce Religion, Potion Petition, Call Merchant,
Bribe Branch


You escaped.
You worshipped Gozag.
Gozag was aware of your devotion.
You were a hulking beast.
You visited 9 branches of the dungeon, and saw 47 of its levels.
You visited 1 bazaar.
You also visited: Trove, Ossuary, Gauntlet and Desolation.

You collected 26528 gold pieces.
You spent 5175 gold pieces at shops.
You paid 21100 gold pieces to Gozag.

Inventory:

Hand Weapons
 a - the +11 dagger of Victory {heavy, Will+ Int+5 Dex+3}
   (You found it in a treasure trove)

   Int+5:     It affects your intelligence (+5).
   Dex+3:     It affects your dexterity (+3).
   Will+:     It increases your willpower.
 b - the +10 double sword "Axteimu" (weapon) {heavy, Str+2}
   (You took it off a deep elf death mage on level 3 of the Elven Halls)

   Str+2:     It affects your strength (+2).
 c - the +8 autumn katana {manifold assault}
   (You found it in a treasure trove)
Missiles
 x - 15 curare-tipped darts
 z - 18 javelins
 E - 5 throwing nets
 I - 2 silver javelins
 S - 27 boomerangs (quivered)
Armour
 h - the +3 kite shield "Pamykhuhu" (worn) {Regen+}
   (You bought it in a shop in a bazaar)

   Regen+:    It increases your rate of health regeneration.
Jewellery
 g - the ring "Lemui" (on tentacle) {rElec rN+ Int+8}
   (You found it in a Gauntlet)

   [ring of positive energy]

   Int+8:     It affects your intelligence (+8).
   rElec:     It insulates you from electricity.
   rN+:       It protects you from negative energy.
 j - a ring of protection from fire
 l - a +4 ring of slaying (right tentacle)
 p - the ring "Recvop" (on tentacle) {Int+7 Slay+4 SInv}
   (You took it off a deep elf pyromancer on level 3 of the Elven Halls)

   [ring of slaying]

   Int+7:     It affects your intelligence (+7).
   Slay+4:    It affects your accuracy & damage with ranged weapons and melee
   (+4).
   SInv:      It lets you see invisible.
 w - a +4 ring of protection (on tentacle)
 B - the ring of Ilufem (on tentacle) {Fire Str+5 SInv}
   (You bought it in a shop in a bazaar)

   [ring of fire]

   Fire:      It enhances your fire magic.
   Str+5:     It affects your strength (+5).
   rF+:       It protects you from fire.
   rC-:       It makes you vulnerable to cold.
   SInv:      It lets you see invisible.
 K - the amulet of Xule (around mantle) {Reflect rElec rC++ Int+4 SH+5}
   (You bought it in a shop on level 5 of the Dungeon)

   [amulet of reflection]

   Reflect:   It reflects blocked missile attacks.
   Int+4:     It affects your intelligence (+4).
   rC++:      It greatly protects you from cold.
   rElec:     It insulates you from electricity.
   SH+5:      It affects your SH (+5).
 Q - the ring "Yzidd" (on tentacle) {AC+4 Int+2 Dex+3}
   (You found it in the Desolation of Salt)

   [ring of protection]

   AC+4:      It affects your AC (+4).
   Int+2:     It affects your intelligence (+2).
   Dex+3:     It affects your dexterity (+3).
 T - a +4 ring of protection (on tentacle)
 U - the ring "Lungolea" (left tentacle) {Will+ rCorr Str+6 Stlth+}
   (You found it in the Desolation of Salt)

   [ring of strength]

   Str+6:     It affects your strength (+6).
   Will+:     It increases your willpower.
   rCorr:     It protects you from acid and corrosion.
   Stlth+:    It makes you more stealthy.
 V - a ring of poison resistance
Wands
 s - a wand of charming (51)
 y - a wand of roots (34)
 G - a wand of mindburst (12)
 J - a wand of polymorph (40)
 N - a wand of acid (21)
 X - a wand of digging (16)
Scrolls
 f - 2 scrolls of fear
 m - 3 scrolls of silence
 o - a scroll of blinking
 r - 8 scrolls of vulnerability
 D - 25 scrolls of teleportation
 H - 4 scrolls of fog
 Y - 6 scrolls of poison
Potions
 d - 7 potions of might
 e - 6 potions of enlightenment
 i - 4 potions of haste
 k - 3 potions of cancellation
 n - 6 potions of resistance
 A - 15 potions of heal wounds
 C - 23 potions of curing
 F - 6 potions of ambrosia
 L - 5 potions of attraction
 M - 7 potions of lignification
 P - 2 potions of invisibility
 R - 5 potions of berserk rage
 W - 6 potions of mutation
Miscellaneous
 q - a phial of floods
 t - a tin of tremorstones (2/2)
 u - a lightning rod (4/4)
 v - a sack of spiders
 Z - a phantom mirror


   Skills:
 + Level 22.1 Fighting
 - Level 10.0(13.6) Short Blades
 - Level 14.8(16.0) Long Blades
 - Level 15.0 Throwing
 - Level 18.0 Dodging
 - Level 15.0 Stealth
 - Level 19.0 Shields
 - Level 3.0 Spellcasting
 - Level 6.0 Conjurations
 - Level 7.0 Hexes
 - Level 2.6 Necromancy
 - Level 7.0 Translocations
 - Level 7.0 Air Magic
 - Level 18.0 Evocations
 - Level 7.0 Shapeshifting


You had 8 spell levels left.
You knew the following spells:

 Your Spells              Type           Power      Damage    Failure   Level
a - Vhi's Electric Charg  Tloc/Air       100%       N/A       3%          4
b - Searing Ray           Conj           90%        2d7       1%          2
c - Dazzling Flash        Conj/Hex       98%        N/A       1%          3
d - Fulminant Prism       Conj/Hex       24%        3d12      4%          4
e - Blink                 Tloc           100%       N/A       1%          2
f - Apportation           Tloc           100%       N/A       1%          1
g - Teleport Other        Tloc           51%        N/A       1%          3
h - Cause Fear            Hex            25%        N/A       3%          4

Your spell library contained the following spells:

 Spells                   Type           Power      Damage    Failure   Level
 Magic Dart               Conj           100%       1d8       1%          1
 Shock                    Conj/Air       100%       1d9       1%          1
 Slow                     Hex            100%       N/A       1%          1
 Jinxbite                 Hex            100%       N/A       1%          2
 Lesser Beckoning         Tloc           100%       N/A       1%          2
 Momentum Strike          Conj/Tloc      98%        3d10      1%          2
 Static Discharge         Conj/Air       98%        3-8/arc   1%          2
 Gell's Gravitas          Tloc           51%        N/A       1%          3
 Sigil of Binding         Hex            51%        N/A       1%          3
 Swiftness                Air            51%        N/A       1%          3
 Tukima's Dance           Hex            51%        N/A       1%          3
 Necrotise                Necr           92%        1d8       2%          1
 Ensorcelled Hibernation  Hex/Ice        56%        N/A       2%          2
 Poisonous Vapours        Pois/Air       56%        N/A       2%          2
 Sublimation of Blood     Necr           23%        N/A       3%          2
 Mephitic Cloud           Conj/Pois/Air  34%        N/A       3%          3
 Airstrike                Air            25%        2d(4-20)  3%          4
 Dimensional Bullseye     Hex/Tloc       25%        N/A       3%          4
 Manifold Assault         Tloc           51%        N/A       3%          4
 Inner Flame              Hex/Fire       43%        N/A       4%          3
 Summon Guardian Golem    Hex/Summ       28%        N/A       4%          3
 Volatile Blastmotes      Fire/Tloc      86%        2d17      4%          3
 Iskenderun's Mystic Bla  Conj/Tloc      49%        2d11      4%          4
 Sting                    Tmut/Pois      20%        1d4       7%          1
 Summon Small Mammal      Summ           20%        N/A       7%          1
 Vampiric Draining        Necr           23%        2d7       7%          3
 Anguish                  Hex/Necr       19%        N/A       10%         4
 Call Imp                 Summ           10%        N/A       11%         2
 Passwall                 Tmut/Erth      4%         N/A       11%         2
 Scorch                   Fire           14%        2d5       11%         2
 Silence                  Hex/Air        25%        N/A       11%         5
 Arcjolt                  Conj/Air       24%        1d34      13%         5
 Leda's Liquefaction      Hex/Erth       14%        N/A       16%         4
 Summon Lightning Spire   Summ/Air       28%        N/A       16%         4
 Iskenderun's Battlesphe  Conj           45%        2d10      16%         5
 Call Canine Familiar     Summ           5%         N/A       21%         3
 Frozen Ramparts          Ice            10%        1d2       21%         3
 Ignite Poison            Fire/Tmut/Pois 7%         N/A       21%         3
 Ozocubu's Armour         Ice            5%         N/A       21%         3
 Flame Wave               Conj/Fire      38%        2d10      21%         4
 Sticky Flame             Conj/Fire      38%        2d6       21%         4
 Metabolic Englaciation   Hex/Ice        14%        N/A       41%         5
 Summon Forest            Summ/Tloc      14%        N/A       41%         5
 Summon Mana Viper        Hex/Summ       28%        N/A       41%         5
 Yara's Violent Unravell  Hex/Tmut       14%        3d7       41%         5
 Fireball                 Conj/Fire      19%        3d9       50%         5
 Irradiate                Conj/Tmut      12%        3d15      50%         5
 Dispersal                Tloc           25%        N/A       52%         6
 Agony                    Necr           23%        N/A       54%         5
 Olgreb's Toxic Radiance  Pois           5%         N/A       56%         4
 Petrify                  Tmut/Erth      5%         N/A       56%         4
 Conjure Ball Lightning   Conj/Air       24%        3x3d7     58%         6
 Alistair's Intoxication  Tmut/Pois      3%         N/A       88%         5
 Lee's Rapid Deconstruct  Erth           2%         3d5*      88%         5
 Bombard                  Conj/Erth      12%        9d3       97%         6
 Starburst                Conj/Fire      19%        6d7       97%         6
 Enfeeble                 Hex            25%        N/A       97%         7
 Orb of Destruction       Conj           22%        9d8       99%         7
 Summon Cactus Giant      Summ           2%         N/A       100%        6
 Malign Gateway           Summ/Tloc      14%        N/A       100%        7
 Monstrous Menagerie      Summ           2%         N/A       100%        7
 Spellforged Servitor     Conj/Summ      12%        N/A       100%        7
 Discord                  Hex            25%        N/A       100%        8
 Disjunction              Tloc           25%        N/A       100%        8
 Ignition                 Fire           3%         3d4       100%        8
 Maxwell's Capacitive Co  Air            25%        ∞         100%        8
 Chain Lightning          Conj/Air       24%        3d32      100%        9
 Dragon's Call            Summ           2%         N/A       100%        9
 Fire Storm               Conj/Fire      19%        8d5       100%        9
 Shatter                  Erth           2%         3d6*      100%        9
 Simulacrum               Ice/Necr       Unusable   N/A       N/A         6

Dungeon Overview and Level Annotations

Branches:
Dungeon (15/15)            Temple (0/1) D:7            Lair (5/5) D:9
  Swamp (4/4) Lair:2        Snake (4/4) Lair:3        Slime (0/5) Lair:5
    Orc (2/2) D:10            Elf (3/3) Orc:2        Vaults (5/5) D:14
  Crypt (0/3) Vaults:3     Depths (4/4) D:15            Zot (5/5) Depths:4
Ossuary (visited)         Desolation (visited)      Gauntlet (visited)

Altars:
Cheibriados
Gozag
Hepliaklqana
Ru
Trog
Xom
Yredelemnul
The Shining One
Jiyva
Lugonu

Shops:
D:2 =*(   D:3 [   D:5 =   D:7 *   Orc:2 **   Elf:2 ==:   Elf:3 !   Depths:1 =

Portals:
Hell: Depths:1 Depths:2 Depths:3 Depths:4
Abyss: Depths:3
Pandemonium: Depths:2
Ziggurat: Depths:2

Annotations:
D:11 3 runed translucent doors, strifetoe's ghost, journeyman HOMo
Orc:1 2 transporters
Orc:2 Saint Roka
Elf:2 3 runed translucent doors
Vaults:2 exclusions: ironbound convoker and 1 more exclusion, Mennas
Depths:3 Jajuenucs's ghost, veteran GnWn
Depths:4 1 runed translucent door, Aryosker's ghost, veteran GnWn


Innate Abilities, Weirdness & Mutations

You are a hulking beast.
Your limbs bulge with bestial killing power. (Slay +4)
You cannot wear most types of armour.
You are amphibious.
You can wear up to eight rings at the same time.
Your skin changes colour to match your surroundings (Stealth+).
Your rubbery body absorbs attacks. (AC +1, EV +1)
((You are camouflaged when in or above water. (Stealth+)))
You have tentacles for arms and can constrict up to eight enemies at once.


Message History

Your soul eater grins greedily, jangling a coin purse.
A soul eater comes into view.
Liaz stares, then turns away, jangling a coin purse.
A Liaz and a balrug come into view.
Press: ? - help, v - describe, . - travel
Here: Liaz, armed with a freezing touch (surrounded by freezing clouds, unaware, peaceful)
The floor.
Unknown command.
Your soul eater is engulfed in freezing vapours.
Your soul eater is engulfed in freezing vapours.
Your soul eater completely misses the balrug.
The balrug hits your soul eater but does no damage.
Your soul eater is engulfed in freezing vapours.
Your soul eater hits the balrug!!
Your soul eater barely misses the balrug.
The balrug hits your soul eater but does no damage.
Your soul eater barely misses the balrug.
There is a stone staircase leading up here.
You climb upwards.
There is a stone staircase leading down here.
What level of the Dungeon? (default 1, ? - help)
There is a stone staircase leading up here.
You climb upwards.
There is a stone staircase leading down here.
There is an open door here.
There is an open door here.
There is a stone staircase leading up here.
You climb upwards.
There is a stone staircase leading down here.
There is a stone staircase leading up here.
You climb upwards.
There is a stone staircase leading down here.
You see here a +0 whip.
There is a stone staircase leading up here.
You climb upwards.
There is a stone staircase leading down here.
There is an open door here.
You enter the shallow water.
There is a staircase leading out of the dungeon here.
You have escaped!

##........#####...............
#......########.#####........#
#...##........................
#...##...###8'8###...######..#
#....#..##≈≈~.~≈≈##..##.......
#....#.##~≈~.P.~~≈##.##.###...
#....###≈~P..8..P~≈####.###...
#....##≈~~.......~~~#.....#...
####.##≈P.8..h..8.P~#.#.#.#...
#.##≈≈~.......~~~#...#.#...
#.###≈~P..8..P~≈######.#...
#.#.##≈~~.P.≈~≈##..#...#...
#.#..##~≈~.~≈≈##...........
#.#...###8+8###....#.##....
#.#.### ##.## ####.#.##....
#.#...# #..# #.#.##....
#.#...# #.## #.#.##....


There were no monsters in sight!

Vanquished Creatures
  An ancient lich (Vaults:5)
  Mara (Vaults:2)
  Bai Suzhen (Swamp:3)
  Xtahua (Depths:4)
  3 golden dragons
  Jory (Depths:4)
  An electric golem (Zot:5)
  A Tzitzimitl (Zot:1)
  4 quicksilver dragons
  2 deep elf blademasters (Elf:3)
  6 tentacled monstrosities
  3 Orb Guardians
  2 deep elf master archers (Elf:3)
  5 sphinxes
  3 death cobs (Zot:3)
  Kirke (D:12)
  Frances (Swamp:1)
  A thorn hunter (Swamp:2)
  15 storm dragons
  3 fenstrider witches
  2 tengu reavers
  7 shadow dragons
  3 frost giants
  3 fire giants
  Donald (Swamp:3)
  3 draconian knights
  3 nagarajas (Snake:4)
  2 imperial myrmidons (Desolation)
  4 ghouls
  4 deep elf sorcerers
  20 vault wardens
  3 iron dragons
  A balrug (Depths:2)
  2 draconian scorchers
  A deep elf elementalist (Elf:3)
  2 draconian stormcallers (Zot:1)
  3 draconian shifters
  The ghost of Qowilec the Blocker, an adept VSFi of Qazlal (Depths:3)
  16 stone giants
  2 orc warlords
  4 draconian annihilators
  An angel (Zot:1)
  4 war gargoyles
  5 ironbound thunderhulks
  19 ironbound preservers
  5 deep elf demonologists (Elf:3)
  10 very ugly things
  5 vampire knights
  7 black draconians
  2 spriggan defenders (Depths:2)
  Nessos (D:14)
  7 deep elf annihilators
  3 red draconians
  4 eleionomae
  6 dire elephants
  10 green draconians
  A halazid warlock (Desolation)
  A minotaur (Gauntlet)
  8 bunyips
  2 white draconians
  6 purple draconians
  4 yellow draconians
  5 ettins
  A merfolk javelineer (Depths:1)
  4 crystal guardians
  Josephine (D:10)
  14 ragged hierophants (Desolation)
  4 deep elf death magi
  Fannar (Lair:2)
  3 deep elf high priests
  2 shambling mangroves
  19 vault guards
  17 yaktaur captains
  22 hydras
  9 fire dragons
  9 peacekeepers
  A rakshasa (Depths:1)
  6 great orbs of eyes
  A merfolk avatar (Lair:5)
  7 alligators
  9 centaur warriors
  A hell beast (Depths:3)
  8 servants of whispers (Desolation)
  9 ice dragons
  4 salamander tyrants
  A death knight (D:9)
  A catoblepas (D:14)
  2 spriggan air magi
  10 ironbound frosthearts
  11 anacondas
  7 boulder beetles
  A ghost crab (Swamp:3)
  A two-headed ogre (D:10)
  17 dancing weapons
  16 death yaks
  5 deep troll shamans (Depths:1)
  7 tengu warriors
  An occultist (Depths:1)
  6 deep troll earth magi
  4 orc high priests
  14 naga warriors
  7 shock serpents
  A spriggan berserker (Depths:4)
  14 naga sharpshooters
  6 deep elf knights
  A sun demon (Zot:1)
  17 hell knights
  4 skeletal warriors
  A soul eater (Depths:2)
  5 skysharks
  8 iron trolls (Depths:3)
  A fire crab (Gauntlet)
  A golden dragon zombie (Depths:3)
  A death drake (shapeshifter) (Depths:3)
  73 deep trolls
  4 goliath frogs
  6 spriggan druids
  2 salamander mystics (Snake:2)
  A sea snake (Lair:5)
  A glowing orange brain (shapeshifter) (Vaults:4)
  7 glowing orange brains (Vaults:4)
  16 ironbound convokers
  A flayed ghost (Depths:1)
  11 swamp dragons
  5 naga ritualists
  A bog body (Swamp:1)
  5 deep elf archers
  3 phantasmal warriors
  5 harpies (Vaults:1)
  11 orc knights
  3 arcanists
  9 lindwurms
  19 deep elf pyromancers
  21 deep elf zephyrmancers
  4 orc sorcerers
  4 will-o-the-wisps
  9 mana vipers
  A wolf spider (shapeshifter) (D:15)
  7 necromancers
  A shining eye (shapeshifter) (Vaults:2)
  13 salamanders
  A fire giant zombie (Depths:3)
  35 ugly things
  4 oklob plants (Lair:5)
  A moth of wrath (shapeshifter) (Elf:2)
  5 cyclopes
  10 moths of wrath
  5 manticores
  21 elephants
  16 naga magi
  19 vault sentinels
  3 guardian serpents
  18 cane toads
  40 black mambas
  A rust devil (Zot:1)
  2 torpor snails
  A storm dragon simulacrum (Depths:3)
  3 molten gargoyles
  Maggie (Lair:2)
  A gargoyle (D:12)
  4 rime drakes
  6 tengu conjurers
  2 freezing wraiths
  2 kobold demonologists
  An efreet (D:15)
  12 komodo dragons
  43 yaktaurs
  A tormentor (Depths:2)
  7 trolls
  4 polar bears
  A queen bee (shapeshifter) (Vaults:5)
  A hellwing (D:11)
  A meliai (shapeshifter) (Vaults:4)
  6 meliai (D:14)
  3 bloated husks
  9 tyrant leeches
  2 wind drakes (Lair:5)
  75 saltlings (Desolation)
  A raiju (Gauntlet)
  9 hornets
  14 blink frogs
  A slime creature (shapeshifter) (Depths:3)
  18 dream sheep
  2 air elementals (Elf:3)
  A jumping spider (shapeshifter) (Depths:1)
  Sigmund (D:5)
  2 vampires
  9 wraiths
  22 slime creatures
  2 shadows
  A wyvern (shapeshifter) (Vaults:5)
  10 spriggans
  8 wyverns
  A fire elemental (Elf:1)
  36 yaks
  3 basilisks
  2 fire bats (Gauntlet)
  A yak (shapeshifter) (Vaults:5)
  10 steam dragons
  9 water elementals
  A redback (Vaults:5)
  16 vampire mosquitoes
  Grum (D:8)
  55 nagas
  9 swamp worms
  6 wargs (Orc:2)
  3 acid dragons
  12 water moccasins
  Duvessa (D:5)
  2 hell hounds (Orc:2)
  A glowing shapeshifter skeleton (Depths:3)
  3 ice beasts
  33 orc warriors
  6 swamp drakes
  2 black bears (D:6)
  2 sky beasts
  4 boggarts (Vaults:3)
  30 wolves
  7 ogres
  11 centaurs
  2 elf zombies (Ossuary)
  3 phantoms (D:4)
  2 earth elementals
  4 kobold brigands
  11 bullfrogs
  2 necrophages (Swamp:3)
  3 gnoll sergeants
  A glowing shapeshifter simulacrum (Depths:3)
  A scorpion (D:6)
  10 wights
  Dowan (D:5)
  9 killer bees
  5 howler monkeys
  9 lava snakes
  2 centaur zombies (Ossuary)
  A human zombie (Ossuary)
  4 hounds
  2 jellies (D:5)
  25 orc priests
  2 gnoll boudas (D:5)
  An iguana (D:4)
  Ijyb (D:5)
  A sleepcap (D:4)
  27 orc wizards
  3 yak simulacra (D:11)
  2 polar bear simulacra (D:11)
  3 wolf simulacra (D:11)
  3 mummies
  Robin (D:4)
  19 gnolls
  3 river rats
  3 adders
  A shadow imp (D:6)
  A white imp (D:5)
  4 dart slugs
  111 orcs
  11 endoplasms
  6 giant cockroaches
  6 hobgoblins
  5 jackals
  16 kobolds
  5 quokkas
  8 ball pythons
  9 bats
  4 frilled lizards
  11 goblins
  A goblin zombie (Ossuary)
  14 hobgoblin zombies
  2 jackal zombies (Ossuary)
  5 kobold zombies (Ossuary)
  9 orc zombies (Ossuary)
  A rat (D:3)
  2 rat zombies (Ossuary)
  3 river rat simulacra (D:11)
1961 creatures vanquished.

Vanquished Creatures (collateral kills)
  An electric golem (Zot:5)
  5 Orb Guardians (Zot:5)
  A quicksilver dragon (Zot:5)
  A shadow dragon (Vaults:5)
  A reaper (Zot:1)
  A stone giant (Vaults:5)
  4 vault guards (Vaults:5)
  2 hydras
  A soul eater (Orc:2)
  A moth of wrath (Zot:5)
  A hellwing (D:11)
  2 fire elementals (Orc:2)
  A swamp worm (Swamp:2)
  A hell hound (Orc:2)
  A killer bee (D:10)
  An orc priest (Orc:2)
  2 orc wizards
  A gnoll (Orc:2)
  2 orcs (D:8)
30 creatures vanquished.

Vanquished Creatures (others)
  A dread lich (Vaults:5)
  A golden dragon (Zot:5)
  A tentacled monstrosity (Vaults:5)
  7 Orb Guardians
  2 titans (Vaults:5)
  A death cob (Zot:5)
  A storm dragon (Vaults:5)
  A shadow dragon (Vaults:5)
  A frost giant (Vaults:5)
  3 stone giants (Vaults:5)
  A war gargoyle (Vaults:5)
  A deep elf demonologist (Vaults:5)
  An ettin (Vaults:5)
  A yaktaur captain (Vaults:5)
  9 vault guards (Vaults:5)
  An ironbound frostheart (Vaults:5)
  A lindwurm (shapeshifter) (Vaults:5)
  2 ironbound convokers (Vaults:5)
  A deep elf zephyrmancer (Elf:2)
  3 vault sentinels (Vaults:5)
  A freezing wraith (Vaults:5)
  3 humans (D:13)
  A yak (Lair:2)
  A centaur (D:8)
  A wight (D:8)
  2 killer bees
  A gnoll (D:5)
  An orc (Orc:1)
  15 foxfires
  2 fulminant prisms (Vaults:1)
68 creatures vanquished.

Grand Total: 2059 creatures vanquished

Notes
Turn   | Place    | Note
-------+----------+-------------------------------------------
     0 | D:1      | ParallaxScroll the Octopode Artificer began the quest for
                  | the Orb.
     0 | D:1      | Reached XP level 1. HP: 13/13 MP: 1/1
   122 | D:1      | Reached XP level 2. HP: 18/18 MP: 2/2
   694 | D:1      | Reached XP level 3. HP: 24/24 MP: 3/3
  1059 | D:2      | Found Jonuthr Onoqo's General Store.
  1084 | D:2      | Found Keder's Weapon Boutique.
  1121 | D:2      | Reached skill level 2 in Fighting
  1201 | D:2      | Found Gythosiw's Jewellery Shoppe.
  1307 | D:2      | Reached skill level 1 in Short Blades
  1935 | D:3      | Found Mous's Antique Armour Boutique.
  1974 | D:3      | Reached XP level 4. HP: 29/29 MP: 4/4
  2219 | D:4      | Noticed Robin
  2221 | D:4      | Killed Robin
  2256 | D:4      | Reached skill level 1 in Shields
  2304 | D:4      | Reached XP level 5. HP: 34/34 MP: 5/5
  2325 | D:4      | Found a sand-covered staircase.
  2334 | Ossuary  | Entered an ossuary
  2767 | Ossuary  | Reached skill level 3 in Fighting
  2767 | Ossuary  | Reached XP level 6. HP: 23/42 MP: 6/6
  2931 | Ossuary  | Reached skill level 4 in Fighting
  2931 | Ossuary  | Reached skill level 1 in Throwing
  3128 | D:4      | Reached XP level 7. HP: 47/48 MP: 7/7
  3251 | D:4      | Reached skill level 5 in Evocations
  3984 | D:4      | Reached skill level 5 in Stealth
  4266 | D:3      | Reached XP level 8. HP: 54/54 MP: 8/8
  4355 | D:5      | Entered Level 5 of the Dungeon
  4362 | D:5      | Noticed Ijyb
  4466 | D:5      | Noticed Sigmund
  4492 | D:5      | Killed Sigmund
  4493 | D:5      | Reached skill level 5 in Fighting
  4963 | D:5      | Found Zylittem's Jewellery Emporium.
  5005 | D:5      | Killed Ijyb
  5333 | D:5      | Reached skill level 1 in Shapeshifting
  5357 | D:5      | Noticed Dowan
  5359 | D:5      | Killed Dowan
  5360 | D:5      | Reached skill level 5 in Dodging
  5505 | D:5      | Noticed Duvessa
  5513 | D:5      | Killed Duvessa
  5693 | D:6      | Reached XP level 9. HP: 61/61 MP: 9/9
  5769 | D:6      | Reached skill level 6 in Fighting
  6447 | D:7      | Found a glowing golden altar of the Shining One.
  6450 | D:7      | Found a sacrificial altar of Ru.
  6450 | D:7      | Found a snail-covered altar of Cheibriados.
  6574 | D:7      | Found a hazy altar of Hepliaklqana.
  6629 | D:7      | Found an opulent altar of Gozag.
  6640 | D:7      | Reached skill level 5 in Short Blades
  6640 | D:7      | Found Gozag's Platinum Reserve.
  6644 | D:7      | Became a worshipper of Gozag Ym Sagoz the Greedy
  6712 | D:7      | Found a staircase to the Ecumenical Temple.
  6906 | D:8      | Identified the +8 short sword of the Charming Tiger {pain,
                  | rF++}
  7143 | D:8      | Noticed Grum
  7149 | D:8      | Killed Grum
  7150 | D:8      | Reached XP level 10. HP: 9/69 MP: 10/10
  7245 | D:8      | Reached skill level 7 in Fighting
  7245 | D:8      | Reached skill level 1 in Necromancy
  7445 | D:2      | Bought a +4 ring of protection for 360 gold pieces
  8095 | D:9      | Noticed a death yak
  8095 | D:9      | Found a staircase to the Lair.
  8096 | D:9      | Noticed a death yak
  8253 | D:2      | Bought a ring of poison resistance for 200 gold pieces
  8579 | D:9      | Noticed a death yak
  8598 | D:9      | Noticed a cyclops
  8786 | D:9      | Reached skill level 10 in Short Blades
  9213 | D:2      | Bought a +4 ring of protection for 360 gold pieces
  9579 | D:9      | Reached XP level 11. HP: 72/75 MP: 11/11
  9737 | Lair:1   | Entered Level 1 of the Lair of Beasts
  9965 | Lair:1   | Reached skill level 5 in Shields
 10213 | Lair:1   | Noticed a boulder beetle
 10239 | Lair:1   | Killed a boulder beetle
 10392 | Lair:1   | Noticed Sonja
 10857 | Lair:1   | Sonja changed into Sonja the spriggan
 10857 | Lair:1   | Noticed Sonja
 10861 | Lair:1   | Killed Sonja the spriggan
 11050 | D:2      | Bought the ring "Loduav" {rElec rCorr Str+4 Int+3} for 487
                  | gold pieces
 11365 | Lair:2   | Noticed a death yak
 11562 | Lair:2   | Reached skill level 10 in Shields
 11642 | Lair:2   | Reached XP level 12. HP: 52/81 MP: 12/12
 11725 | Lair:2   | Noticed an eleionoma
 11785 | Lair:2   | Noticed Urug
 11789 | Lair:2   | Urug changed into Urug the swamp dragon
 11789 | Lair:2   | Noticed Urug
 11799 | Lair:2   | Killed Urug the swamp dragon
 11818 | Lair:3   | Noticed a skyshark
 11821 | Lair:3   | Killed a skyshark
 12061 | Lair:3   | Reached skill level 5 in Long Blades
 12737 | Lair:3   | Found a staircase to the Snake Pit.
 13279 | Lair:4   | Noticed a four-headed hydra
 13284 | Lair:4   | Killed a four-headed hydra
 13285 | Lair:4   | Reached XP level 13. HP: 84/86 MP: 13/13
 13386 | Lair:4   | Reached skill level 10 in Long Blades
 14719 | Lair:2   | Noticed Fannar
 14745 | Lair:5   | Entered Level 5 of the Lair of Beasts
 14793 | Lair:5   | Found a viscous altar of Jiyva.
 14793 | Lair:5   | Found a staircase to the Slime Pits.
 14832 | Lair:4   | HP: 2/86 [death yak (12)]
 15959 | D:5      | Bought the amulet of Xule {Reflect rElec rC++ Int+4 SH+5}
                  | for 908 gold pieces
 16801 | D:9      | Reached XP level 14. HP: 92/92 MP: 14/14
 16874 | D:9      | Found a staircase to the Lair.
 17484 | D:10     | Entered Level 10 of the Dungeon
 17537 | D:10     | Found a staircase to the Orcish Mines.
 17728 | D:10     | Learned a level 1 spell: Magic Dart
 17797 | D:10     | Reached skill level 1 in Conjurations
 18613 | D:5      | Bought a ring of positive energy for 260 gold pieces
 18799 | D:10     | Noticed Josephine
 18877 | D:10     | Killed Josephine
 19077 | D:10     | Found a staircase to the Orcish Mines.
 19756 | D:11     | Reached skill level 5 in Shapeshifting
 19793 | D:11     | Learned a level 2 spell: Searing Ray
 20170 | D:11     | Reached skill level 1 in Spellcasting
 20252 | D:11     | Found a runed translucent gate.
 20252 | D:11     | Found a runed translucent gate.
 20253 | D:11     | Found a runed translucent gate.
 20259 | D:11     | Noticed strifetoe's ghost (journeyman HOMo)
 21208 | D:13     | Noticed Kirke
 21347 | Orc:1    | Entered Level 1 of the Orcish Mines
 21513 | Orc:1    | Found a bloodstained altar of Trog.
 21513 | Orc:1    | Found the necklace of Bloodlust {Fury *Rage Will++ Int-3
                  | Slay+6}
 21560 | Orc:2    | Entered Level 2 of the Orcish Mines
 21597 | Orc:2    | Noticed Azrael
 21606 | Orc:2    | Azrael changed into Azrael the soul eater
 21606 | Orc:2    | Noticed Azrael
 21612 | Orc:2    | Killed Azrael the soul eater
 21845 | Orc:2    | Found Silaafip's Assorted Antiques.
 21894 | Orc:2    | Found a gate leading to a gauntlet.
 21911 | Gauntlet | Entered a Gauntlet
 21911 | Gauntlet | Found a transporter.
 21911 | Gauntlet | Found a transporter.
 21911 | Gauntlet | Found a transporter.
 21931 | Gauntlet | Found a transporter.
 21943 | Gauntlet | Found a transporter.
 21945 | Gauntlet | Found a transporter.
 21955 | Gauntlet | Found a transporter.
 21976 | Gauntlet | Found a transporter.
 21993 | Gauntlet | Found a transporter.
 21997 | Gauntlet | Found a transporter.
 22007 | Gauntlet | Found a transporter.
 22011 | Gauntlet | Found a transporter.
 22104 | Gauntlet | Identified the staff "Cesuriteu" {rN+ Str+4 Necro}
 22325 | Gauntlet | Got the Incunabulum of Apparitions and Contaminants
 22327 | Gauntlet | Identified the ring "Lemui" {rElec rN+ Int+8}
 22335 | Gauntlet | Learned a level 3 spell: Dazzling Flash
 22356 | Gauntlet | Identified the +0 plate armour of Qazlal's Inspiration
                  | {rPois Slay+4}
 22807 | Orc:1    | Reached skill level 1 in Hexes
 22842 | Orc:1    | Found a transporter.
 22872 | Orc:1    | Found a transporter.
 24031 | Orc:2    | Found a staircase to the Elven Halls.
 24175 | Orc:2    | Found Ociuz's General Store.
 24291 | Orc:2    | Reached skill level 8 in Fighting
 24389 | Orc:2    | Paralysed by an orc sorcerer for 5 turns
 24502 | Orc:2    | Noticed Saint Roka
 24754 | Lair:2   | Killed Fannar
 24755 | Lair:2   | Reached XP level 15. HP: 98/99 MP: 16/16
 25558 | Lair:2   | Noticed Maggie
 25576 | Lair:2   | Killed Maggie
 25653 | Lair:2   | Found a staircase to the Swamp.
 25783 | Lair:2   | Found a staircase to the Swamp.
 28316 | Lair:5   | Reached skill level 9 in Fighting
 28338 | Lair:5   | Learned a level 4 spell: Fulminant Prism
 28475 | Lair:5   | Identified the +8 long sword "Fyuvvuin" {venom, rN+ Dex+3}
 29629 | D:12     | Killed Kirke
 29874 | D:13     | Reached skill level 5 in Hexes
 29965 | D:13     | Found a hazy altar of Hepliaklqana.
 30050 | D:13     | Found a portal to a secret trove of treasure.
 30219 | Orc:2    | Bought a potion of heal wounds for 70 gold pieces
 30219 | Orc:2    | Bought a scroll of fear for 56 gold pieces
 30219 | Orc:2    | Bought a scroll of fear for 56 gold pieces
 30403 | D:13     | You paid a toll of 4 scrolls of fear to enter a treasure
                  | trove
 30404 | Trove    | Entered a treasure trove
 30406 | Trove    | Found the +8 autumn katana {manifold assault}
 30408 | Trove    | Found the +7 great mace "Undeadhunter" {deathbane, rN+}
 30408 | Trove    | Found the +8 pair of quick blades "Gyre" and "Gimble"
                  | {protect}
 30408 | Trove    | Found the +9 staff of Olgreb {rPois∞}
 30411 | Trove    | Identified the +11 dagger of Victory {heavy, Will+ Int+5
                  | Dex+3}
 30419 | Trove    | Identified the +4 double sword of the Usurping Augurer
                  | {freeze, *Slow rC+ Will+}
 30421 | Trove    | Identified the +7 demon blade "Hymegrus" {vamp, *Slow rC++
                  | Str+3}
 30425 | Trove    | Identified the +5 hand axe of the Sheltering Firefly
                  | {protect, Contam Fly rPois}
 30441 | Trove    | Identified the +1 demon blade "Ysuem" {freeze, rPois rF+
                  | Str-3}
 30823 | D:13     | Found a hazy altar of Hepliaklqana.
 31197 | D:14     | Reached XP level 16. HP: 85/108 MP: 17/17
 31209 | D:14     | Found a flickering gateway to a bazaar.
 31235 | Bazaar   | Entered a bazaar
 31235 | Bazaar   | Found Banuxun's Book Shop.
 31235 | Bazaar   | Found Heomikuri's Book Emporium.
 31235 | Bazaar   | Found Pare's Antique Weapon Shop.
 31235 | Bazaar   | Found Husaos's Jewellery Shoppe.
 31260 | Bazaar   | Found Vumyos's Armour Boutique.
 31260 | Bazaar   | Found Vanifimu's Antique Armour Shoppe.
 31285 | Bazaar   | Bought a dazzling kite shield for 199 gold pieces
 31285 | Bazaar   | Identified the +3 kite shield "Pamykhuhu" {Regen+} (You
                  | bought it in a shop in a bazaar)
 31298 | Bazaar   | Bought the amulet "Ozaotum" {Acrobat rF+ Will+ rCorr SInv}
                  | for 356 gold pieces
 31308 | Bazaar   | Bought a granite talisman for 360 gold pieces
 31308 | Bazaar   | Bought the ring of Ilufem {Fire Str+5 SInv} for 280 gold
                  | pieces
 31308 | Bazaar   | Bought a ring of see invisible for 90 gold pieces
 31311 | Bazaar   | Bought a book of Hexes for 360 gold pieces
 31319 | Bazaar   | Bought a glowing hand cannon for 156 gold pieces
 31530 | D:14     | Noticed Nessos
 31790 | Swamp:1  | Entered Level 1 of the Swamp
 31799 | Swamp:1  | Reached skill level 5 in Conjurations
 32264 | Swamp:1  | Noticed Frances
 32369 | Snake:1  | Entered Level 1 of the Snake Pit
 32667 | Snake:1  | Reached skill level 10 in Fighting
 32779 | Snake:1  | Reached skill level 10 in Dodging
 32948 | Snake:1  | Reached skill level 15 in Shields
 35264 | Snake:3  | Reached skill level 11 in Fighting
 35556 | Snake:2  | Reached XP level 17. HP: 89/117 MP: 18/18
 36144 | Orc:2    | Bought a potion of cancellation for 232 gold pieces
 36144 | Orc:2    | Bought a brown potion for 26 gold pieces
 36144 | Orc:2    | Bought a glowing dark potion for 26 gold pieces
 36144 | Orc:2    | Bought 2 brown potions for 52 gold pieces
 36144 | Orc:2    | Bought a scroll labelled ZUFROR ZEOCEN for 29 gold pieces
 36822 | Snake:3  | Reached skill level 12 in Fighting
 37366 | Snake:4  | Entered Level 4 of the Snake Pit
 38803 | Snake:4  | Reached skill level 13 in Fighting
 39341 | Snake:4  | Got a serpentine rune of Zot
 39578 | Swamp:1  | Killed Frances
 39971 | Swamp:2  | Reached XP level 18. HP: 130/130 MP: 20/20
 40389 | Swamp:2  | Paralysed by a fenstrider witch for 4 turns
 40391 | Swamp:2  | HP: 1/130 [fenstrider witch (8)]
 40690 | Swamp:2  | Reached skill level 14 in Fighting
 41197 | Swamp:3  | Noticed Donald
 41236 | Swamp:3  | Noticed Bai Suzhen
 41526 | Elf:1    | Entered Level 1 of the Elven Halls
 41886 | Elf:1    | Reached skill level 15 in Fighting
 41886 | Elf:1    | Reached XP level 19. HP: 139/139 MP: 22/22
 41887 | Elf:1    | Reached XP level 20. HP: 145/145 MP: 23/23
 41888 | Elf:1    | Reached skill level 15 in Dodging
 41888 | Elf:1    | Reached XP level 21. HP: 153/153 MP: 24/24
 42905 | Elf:2    | Found a crumbling gateway.
 42926 | Desolati | Entered the Desolation of Salt
 42950 | Desolati | Reached skill level 10 in Evocations
 43147 | Desolati | Found the +5 demon whip "Spellbinder" {antimagic, disrupt,
                  | Will+}
 43155 | Desolati | Identified the +1 leather armour of Exykuwk {*Corrode
                  | +Blink rPois SInv}
 43155 | Desolati | Identified the ring "Inerheyra" {*Slow EV+5 Int+8 Stlth+}
 43172 | Desolati | Reached skill level 16 in Fighting
 43237 | Desolati | Identified the +9 dagger of the Neverending Olives {pain,
                  | Str+6 Int+5 Stlth-}
 43624 | Desolati | Got Ejenlok's Almanac of Feathery Anthracomancy
 43652 | Desolati | Got the Incunabulum of Obstruction
 43666 | Desolati | Identified the +5 long sword "Giant's Peril" {pain, Will+
                  | Str+4}
 43799 | Desolati | Reached skill level 5 in Throwing
 43947 | Desolati | Reached skill level 17 in Fighting
 44112 | Desolati | Identified the +1 glaive "Caagisus" {protect, rElec rPois}
 44121 | Desolati | Identified the ring "Lungolea" {Will+ rCorr Str+6 Stlth+}
 44170 | Desolati | Identified the ring "Yzidd" {AC+4 Int+2 Dex+3}
 44178 | Desolati | Got the Dissertation on Lethal Injury
 44574 | Elf:2    | Found Atirynu's Book Emporium.
 44574 | Elf:2    | Found Xoug's Jewellery Shop.
 44575 | Elf:2    | Found Raijomma's Jewellery Shop.
 44587 | Elf:2    | Bought a book of Spatial Translocations for 252 gold pieces
 44590 | Elf:2    | Learned a level 2 spell: Blink
 44712 | Elf:2    | Reached skill level 1 in Translocations
 44747 | Elf:2    | Reached XP level 22. HP: 162/162 MP: 25/25
 44933 | Elf:2    | Found a runed translucent gate.
 44933 | Elf:2    | Found a runed translucent gate.
 45028 | Elf:2    | Got the Volume of Power and the Legion
 45111 | Elf:2    | Found a runed translucent gate.
 45259 | Elf:2    | Reached skill level 5 in Translocations
 45271 | Elf:2    | Learned a level 1 spell: Apportation
 45275 | Elf:2    | Learned a level 3 spell: Teleport Other
 45366 | Elf:3    | Entered Level 3 of the Elven Halls
 45381 | Elf:3    | Paralysed by an air elemental for 1 turns
 45726 | Elf:3    | Found Warumn's Distillery.
 46295 | Elf:3    | Identified the ring "Recvop" {Int+7 Slay+4 SInv}
 46540 | Elf:3    | Found Warumn's Distillery.
 46795 | Elf:3    | Identified the +1 mace of Expedience {pain, rN+ Will+}
 47025 | Elf:3    | Found Warumn's Distillery.
 47173 | Elf:3    | Identified the amulet "Zototz" {Acrobat rC+ Dex+3}
 47366 | Elf:3    | Identified the +10 double sword "Axteimu" {heavy, Str+2}
 47366 | Elf:3    | Identified the +2 leather armour of Disappointment {Dex+2
                  | SInv}
 47919 | Elf:3    | Found Warumn's Distillery.
 48216 | Elf:3    | Found Warumn's Distillery.
 48768 | Elf:3    | Found Warumn's Distillery.
 49160 | Elf:3    | Found Warumn's Distillery.
 49361 | Elf:3    | Learned a level 4 spell: Cause Fear
 49492 | Elf:3    | Identified the ring "Gashruar" {Contam rPois rN+ Will+}
 49618 | Elf:3    | Identified the +1 rapier of the Disbelieving Wolf {heavy,
                  | rN+ Str+2}
 49750 | Elf:3    | Found Warumn's Distillery.
 50203 | Elf:3    | Found Warumn's Distillery.
 50549 | Elf:3    | Found Warumn's Distillery.
 51228 | Elf:3    | Identified the staff of Calamity {Contam rF+ Str+3 Fire}
 51235 | Elf:3    | Identified the +5 sling of Mayhem {freeze, Dex+3}
 51307 | Elf:3    | Got the Folio of Amathomancy and Leadership
 51311 | Elf:3    | Identified the staff of Zeicuf {rElec Dex+2 Air}
 51626 | Elf:3    | Found Warumn's Distillery.
 52244 | D:14     | Reached skill level 1 in Air Magic
 52324 | D:14     | Killed Nessos
 52436 | D:14     | Found a gate to the Vaults.
 52759 | Lair:3   | Identified a scroll of acquirement
 52761 | Lair:3   | Acquired a manual of Throwing
 53359 | D:14     | Found a gate to the Vaults.
 53520 | D:15     | Entered Level 15 of the Dungeon
 53520 | D:15     | Found a snail-covered altar of Cheibriados.
 54194 | D:15     | Found a staircase to the Depths.
 54327 | Vaults:1 | Entered Level 1 of the Vaults
 54853 | Vaults:1 | Identified the -1 pair of gloves of the Dungeon {Harm}
 54864 | Vaults:1 | Identified the +0 leather armour of the Serpent {+Blink}
 54923 | Vaults:1 | Reached skill level 5 in Air Magic
 54936 | Vaults:1 | Reached XP level 23. HP: 134/168 MP: 26/26
 55619 | Vaults:1 | Learned a level 4 spell: Vhi's Electric Charge
 55997 | Vaults:2 | Noticed Mennas
 56084 | Vaults:2 | Noticed Mara
 56373 | Vaults:2 | Reached skill level 10 in Stealth
 56586 | Vaults:2 | Noticed ParallaxScroll's illusion
 56589 | Vaults:2 | Killed Mara
 57517 | Vaults:3 | Found a staircase to the Crypt.
 58361 | Vaults:3 | You fall into a shaft and drop 1 floor!
 58412 | Vaults:4 | Reached skill level 18 in Fighting
 58522 | Vaults:4 | Reached XP level 24. HP: 150/177 MP: 24/26
 59517 | Vaults:4 | Reached skill level 10 in Throwing
 60613 | Depths:1 | Entered Level 1 of the Depths
 61227 | Depths:1 | Found Xiomm's Jewellery Boutique.
 61498 | Depths:1 | Found a gateway to Hell.
 61871 | Depths:1 | Found Xiomm's Jewellery Boutique.
 62027 | Depths:1 | Found a gateway to Hell.
 62181 | Depths:2 | Found a one-way gateway to a ziggurat.
 62382 | Depths:2 | You fall into a shaft and drop 2 floors!
 62382 | Depths:4 | Entered Level 4 of the Depths
 62387 | Depths:4 | Noticed Xtahua
 62389 | Depths:4 | Noticed Jory
 62396 | Depths:3 | Noticed a caustic shrike
 62555 | Depths:2 | Identified the +6 quarterstaff "Lex Deta" {pain, rN+ Will-
                  | Int+3}
 62874 | Depths:2 | Found a one-way gate leading to the halls of Pandemonium.
 63038 | Depths:3 | Found a corrupted altar of Lugonu.
 63038 | Depths:3 | Found a one-way gate to the infinite horrors of the Abyss.
 63097 | Depths:3 | Reached skill level 15 in Stealth
 63239 | Depths:3 | Reached skill level 19 in Fighting
 63278 | Depths:3 | Reached XP level 25. HP: 172/186 MP: 27/27
 63295 | Depths:3 | Acquired 921 gold pieces
 63337 | Depths:2 | Acquired a manual of Evocations
 63386 | Depths:3 | Found a runed translucent gate.
 63386 | Depths:3 | Found a runed translucent gate.
 63386 | Depths:3 | Found a runed translucent gate.
 63386 | Depths:3 | Noticed Qowilec's ghost (adept VSFi)
 63388 | Depths:3 | Found a basalt altar of Yredelemnul.
 63527 | Depths:3 | Found a transporter.
 63539 | Depths:3 | Found a transporter.
 64036 | Depths:3 | Killed Qowilec's ghost
 64098 | Depths:3 | Noticed Jajuenucs's ghost (veteran GnWn)
 64099 | Depths:3 | Identified the ring of Agrir {rElec rF+ Will- EV+5 SInv}
 64404 | Depths:4 | Found a runed translucent door.
 64406 | Depths:4 | Noticed Aryosker's ghost (veteran GnWn)
 64518 | Depths:4 | Found a shimmering altar of Xom.
 64997 | Depths:4 | Killed Jory
 65028 | Depths:4 | Identified the +4 cloak "Domitu Geco" {MP+9}
 65089 | Depths:4 | Killed Xtahua
 65474 | Depths:4 | Found a gate to the Realm of Zot.
 65940 | Swamp:3  | Killed Bai Suzhen
 66064 | Swamp:3  | Killed Donald
 66069 | Swamp:3  | Reached skill level 15 in Throwing
 66531 | Swamp:4  | Entered Level 4 of the Swamp
 66766 | Swamp:3  | Reached skill level 15 in Evocations
 67091 | Swamp:4  | Got a decaying rune of Zot
 67186 | Swamp:4  | Identified the +0 scimitar of the Final Decision {heavy,
                  | rC+ rCorr}
 68614 | Vaults:5 | Entered Level 5 of the Vaults
 68630 | Vaults:5 | Noticed a dread lich
 68631 | Vaults:5 | Noticed an ancient lich
 69049 | Vaults:5 | Reached XP level 26. HP: 126/195 MP: 27/27
 69254 | Vaults:5 | Reached skill level 20 in Fighting
 69266 | Vaults:5 | Identified the +3 trident "Delutua" {venom, Fragile Will+
                  | Int+2}
 69267 | Vaults:5 | Identified the +8 dire flail "Conservator" {venom, Will+
                  | Stlth+}
 69326 | Vaults:5 | Identified the +0 falchion of Immorality {pain, *Corrode
                  | Will+ Int+5}
 69361 | Vaults:5 | Killed an ancient lich
 69476 | Vaults:5 | Noticed an ancient lich
 69480 | Vaults:5 | Identified the +6 rapier of Death's Door {freeze, rCorr
                  | Int+3}
 70132 | Vaults:5 | Got a silver rune of Zot
 72186 | Zot:1    | Entered Level 1 of the Realm of Zot
 74214 | Zot:4    | Reached skill level 21 in Fighting
 74301 | Zot:5    | Entered Level 5 of the Realm of Zot
 74910 | Zot:5    | Noticed an orb of fire
 74911 | Zot:5    | Noticed a Killer Klown
 74938 | Zot:5    | Noticed a Killer Klown
 74974 | Zot:5    | Noticed an orb of fire
 74975 | Zot:5    | Noticed a dread lich
 74979 | Zot:5    | Noticed a Killer Klown
 75013 | Zot:5    | Got the Orb of Zot
 75245 | Zot:1    | Reached skill level 22 in Fighting
 75680 | D:6      | Noticed Liaz the pandemonium lord
 75784 | D:$      | Escaped with the Orb!

Illustrated notes

Levels and vault maps discovered:
D:1:      lightli_arrival_statuegarden, layout_basic
D:2:      layout_rooms, serial_shops, shop, shop,
          nicolae_shop_tiny_real_fake_doors, serial_forest,
          infiniplex_forest_lined_3_way, infiniplex_forest_straight_4,
          infiniplex_forest_clump_curved, infiniplex_forest_straight_3,
          infiniplex_forest_lined_3, st_stairs_10, kennysheep_minor_cross,
          chequers_serial_rivers_micro_b
D:3:      layout_rooms, serial_shops, nicolae_shop_competitors_out_of_business
D:4:      layout_gridville, nicolae_ossuary_entry_giza, uniq_robin
D:5:      layout_basic, serial_shops, nicolae_shop_back_alley_shop,
          uniq_sigmund, uniq_ijyb, uniq_duvessa
D:6:      layout_cave_pools
D:7:      layout_basic, mainiacjoe_overflow_small_starburst,
          nicolae_overflow_hidden_temple, nicolae_gozag_zags_fifth_avenue,
          minmay_temple_entry_poolview
D:8:      cheibrodos_steamvent, layout_basic, uniq_grum
D:9:      kennysheep_steamy, layout_long_grid, dpeg_lair_monsters, special_room
          [special_room_orc], nzn_random_ring
D:10:     kennysheep_blocky_hall, layout_loops_ring, uniq_josephine
D:11:     cheibrodos_magma_flow, layout_basic, gammafunk_ghost_necromancy,
          eino_house_with_fridge
D:12:     layout_cave_pods
D:13:     layout_cave_pools, trove_entry_hex_spiral, minmay_holes,
          worldfamousw_hep_ancestral_shrine, uniq_kirke
D:14:     layout_basic, erik_vaults_1, serial_shops, bzr_entry_road,
          minivault_19, uniq_nessos
D:15:     grunt_enter_depths_snipers, layout_cave_pools, cheibriados_altar_1,
          chequers_serial_rivers_micro_b, drop_trap
Lair:1:   layout_cave_pods, uniq_sonja
Lair:2:   layout_cave_pods, alex1729_swamp_entry_worm_eleionoma, uniq_urug,
          uniq_fannar, uniq_maggie
Lair:3:   layout_regular_city, nicolae_snake_entry_warm_welcome,
          small_statue_intersection, lemuel_fruit_tree, grunt_megastairs_3
Lair:4:   layout_cave_pods, nicolae_quartered_pool_impasse, grunt_megastairs_5
Lair:5:   gammafunk_lair_ancient_temple, layout_loops_ring,
          minmay_slime_entry_oklob_open
Swamp:1:  layout_basic_swamp, nicolae_swamp_some_circles, uniq_frances
Swamp:2:  cheibrodos_swamp_tower_of_moss, layout_falls_marsh, serial_swamp_ruin,
          evilmike_swamp_ruin_house_2, evilmike_swamp_ruin_rubble_1
Swamp:3:  layout_basic_swamp, nicolae_swamp_little_tower, swamp_pool_3,
          ldierk_geyser, uniq_bai_suzhen, uniq_donald
Swamp:4:  swamp_alternative, layout_basic_swamp, swamp_pool_4,
          nicolae_swamp_small_spring
Snake:1:  layout_misc_corridors
Snake:2:  layout_cave_shapes
Snake:3:  layout_gridlike, grunt_ministairs_12
Snake:4:  minmay_snake_end_coiled, layout_onion_interference, uniq_vashnia
Orc:1:    emtedronai_trogs_sanctum, layout_caves
Orc:2:    grunt_orc_community_town_hall, layout_caves,
          grunt_orc_community_big_house_2, grunt_orc_community_big_house_1,
          grunt_orc_community_house_1, grunt_orc_community_house_2,
          grunt_orc_community_house_2, grunt_orc_community_house_1,
          grunt_orc_community_house_3, grunt_orc_community_house_3,
          gauntlet_entry_generic, nooodl_orcs_dogs, uniq_saint_roka, uniq_azrael
Elf:1:    minmay_elf_arrival_circle, layout_loops_corners
Elf:2:    elven_hall_of_blades_hangedman_original
          [nicolae_blade_entry_floor_patterns], layout_loops_corners,
          portal_desolation_entry_ruin, minmay_elf_sorcery, minmay_shop_grove
Elf:3:    elf_hall_gauntlet_wide, layout_geoelf_diagonals, serial_shops,
          nicolae_shop_stone, hangedman_elven_ridges, st_stairs_9
Vaults:1: lightli_church_of_beogh, vaults_room_door_hall,
          nicolae_vaults_cornered_office, nicolae_vaults_prndl,
          hangedman_vaults_hat, nicolae_vaults_three_branches,
          nicolae_vaults_diamond_2, vaults_dpeg_encased_lava,
          layout_vaults_omnigrid
Vaults:2: vaults_dpeg_spiral, grunt_vaults_bifocal, v_misc_10,
          nicolae_vaults_double_plus_3, nicolae_vaults_diffraction_hallways,
          dpeg_vaults_monster_box, ontoclasm_vaults_chip, v_alt_pattern_2,
          nicolae_vaults_house_1, layout_vaults_big_room, uniq_mennas, uniq_mara
Vaults:3: serial_ice_m, v_misc_8, minmay_crypt_entry_simple_plaza,
          nicolae_vaults_little_squares_4, v_misc_22, vaults_mumra_lcd,
          v_misc_14, vaults_room_stairs_pillars, vaults_dpeg_ring,
          nicolae_vaults_wine_cellar, v_pattern_1,
          nicolae_vaults_closet_pinwheel_3, layout_vaults_maze_bifur
Vaults:4: nicolae_vaults_storage_closets_1, nicolae_vaults_shrinking_rooms_1,
          hangedman_surveillance_ring, nicolae_vaults_more_shelving_2,
          nicolae_vaults_double_plus_1, vaults_room_hallway, v_misc_4,
          layout_vaults_omnibox
Vaults:5: serial_shops, uniq_margery
Depths:1: layout_forbidden_donut, kennysheep_big_empty_room, serial_shops, shop,
          hangedman_tar_grid_catacomb, due_unseen_surprise
Depths:2: nicolae_cairo_tiling_very_big, layout_cave_pools, enter_ziggurat_f,
          pf_coc_iceberg, rand_demon_pan_entry_1, bh_walls_and_bars,
          minmay_staircase_bubble
Depths:3: dreamdust_hydra_shepherd, layout_gridville,
          hangedman_abyss_or_decor_lesser_grid,
          gammafunk_ghost_berserking_beasts, abyss_entry_flame_altar,
          hell_entry, nicolae_yredelemnul_ghost_church
Depths:4: grunt_zot_entry_bicorn, layout_basic, xom_teletrap_fun,
          gammafunk_ghost_grave, hell_entry, uniq_xtahua, uniq_jory
Zot:1:    cheibrodos_zot_enchanting_chambers, layout_concentric_octagons,
          regret_index_zotdec_carving_tricks, hangedman_snake_sidewinding
Zot:2:    layout_basic, skrybe_zot_glass_1, nicolae_zig_zag_zippers
Zot:3:    layout_cellular_growth,
          regret_index_zotdec_abyssal_contain_seething_sorcery,
          grunt_ministairs_1
Zot:4:    layout_misc_corridors, uniq_josephina
Zot:5:    layout_gridlike

Skill      XL: |  1  2  3  4  5  6  7  8  9 10 11 12 13 14 15 16 17 18 19 20 21 22 23 24 25 26 |
---------------+-------------------------------------------------------------------------------+-----
Stealth        | 2 3 4 6 7 8 9 12 15 | 15.0
Fighting       | 2 3 4 5 6 7 8 9 11 13 15 17 18 19 22 | 22.1
Evocations     | 4 5 6 8 9 10 12 18 | 18.0
Short Blades   | 1 2 3 4 6 10 | 10.0
Shields        | 2 3 10 11 13 14 15 16 18 19 | 19.0
Dodging        | 3 4 5 6 7 8 9 11 13 14 15 16 17 18 | 18.0
Throwing       | 1 2 3 4 5 10 15 | 15.0
Shapeshifting  | 3 5 7 |  7.0
Necromancy     | 2 |  2.6
Long Blades    | 9 12 14 | 14.8
Conjurations   | 3 4 5 6 |  6.0
Spellcasting   | 1 2 3 |  3.0
Hexes          | 3 5 7 |  7.0
Translocations | 3 5 6 7 |  7.0
Air Magic      | 5 7 |  7.0

Action                     |  1- 3 |  4- 6 |  7- 9 | 10-12 | 13-15 | 16-18 | 19-21 | 22-24 | 25-27 || total
---------------------------+-------+-------+-------+-------+-------+-------+-------+-------+-------++-------
  Melee: Club              |    31 |       |       |       |       |       |       |       |       ||    31
         Constrict         |    12 |    32 |    30 |    67 |   150 |    88 |    99 |   179 |   101 ||   758
         Tentacles         |     6 |    26 |    37 |   121 |   338 |   228 |   128 |   440 |   258 ||  1582
         Short sword       |    36 |    10 |    16 |   331 |    79 |       |       |       |       ||   472
         Mace              |     4 |       |       |       |       |       |       |       |       ||     4
         Punch             |     2 |     3 |       |    17 |    23 |    15 |    12 |    36 |    20 ||   128
         Dagger            |     7 |   109 |   138 |       |     5 |    48 |   188 |   490 |   152 ||  1137
         Scimitar          |       |       |       |   116 |  1056 |       |       |       |       ||  1172
         Katana            |       |       |       |       |       |   773 |   194 |   821 |    94 ||  1882
         Double sword      |       |       |       |       |       |       |       |   100 |   487 ||   587
  Throw: Stone             |       |     6 |    14 |    38 |    18 |       |       |       |       ||    76
         Dart              |       |       |       |     3 |    11 |     1 |       |       |       ||    15
         Boomerang         |       |       |       |     3 |    66 |   126 |    16 |    34 |    80 ||   325
         Javelin           |       |       |       |       |     4 |     1 |       |     6 |       ||    11
   Cast: Magic Dart        |       |       |       |       |    22 |       |       |       |       ||    22
         Searing Ray       |       |       |       |       |    10 |       |       |     3 |       ||    13
         Fulminant Prism   |       |       |       |       |       |       |       |     2 |       ||     2
         Vhi's Electric Ch |       |       |       |       |       |       |       |     4 |     2 ||     6
         Apportation       |       |       |       |       |       |       |       |       |     1 ||     1
 Invoke: Bribe Branch      |       |       |       |       |       |       |       |       |     7 ||     7
  Evoke: Wand              |     3 |     6 |    16 |    20 |    11 |     3 |     3 |     3 |       ||    65
         Tin of tremorston |       |       |     3 |     1 |     5 |     2 |       |     2 |       ||    13
         Phantom mirror    |       |       |       |     1 |     1 |     1 |       |       |       ||     3
         Sack of spiders   |       |       |       |       |       |     1 |       |       |       ||     1
         Lightning rod     |       |       |       |       |       |       |       |     1 |       ||     1
         Phial of floods   |       |       |       |       |       |       |       |       |     1 ||     1
    Use: Scroll            |     2 |     2 |     5 |     4 |    11 |    10 |     1 |    10 |    11 ||    56
         Potion            |       |     1 |       |     4 |     1 |     3 |     3 |     2 |    10 ||    24
   Stab: Sleeping          |    17 |     1 |    25 |    13 |    27 |    13 |    22 |    48 |    28 ||   194
         Distracted        |     1 |       |       |     2 |    15 |     5 |    10 |    21 |    13 ||    67
         Invisible         |       |       |       |       |       |       |       |     2 |     3 ||     5
 Armour: Skin              |    25 |    36 |    47 |   159 |   370 |   223 |    61 |   241 |   262 ||  1424
  Dodge: Dodged            |    34 |    58 |    41 |   181 |   281 |   230 |    71 |   372 |   531 ||  1799
  Block: Buckler           |       |    24 |    17 |    22 |       |       |       |       |       ||    63
         Kite shield       |       |       |       |   111 |   766 |   646 |   210 |   893 |   810 ||  3436
         Reflection        |       |       |       |       |    45 |    95 |       |    66 |    15 ||   221
   Form: Beast             |       |       |     1 |       |       |       |       |       |       ||     1

Table legend: (Time is in decaauts)
 A = Elapsed time spent in this place.
 B = Non-inter-level travel time spent in this place.
 C = Inter-level travel time spent in this place.
 D = Time resting spent in this place.
 E = Time spent auto-exploring this place.
 F = Levels seen in this place.
 G = Mean time per level.
                   A        B        C        D        E       F      G
               +--------+--------+--------+--------+--------+-----+--------+
         Total |  74927 |  59853 |  15074 |   9469 |  35533 |  52 | 1440.9 |
       Dungeon |  21296 |  14853 |   6443 |   1737 |   9494 |  15 | 1419.7 |
          Lair |  10630 |   8468 |   2162 |   1533 |   4906 |   5 | 2126.0 |
         Swamp |   4690 |   4207 |    483 |    624 |   2526 |   4 | 1172.5 |
     Snake Pit |   6372 |   5521 |    851 |   1354 |   2634 |   4 | 1593.0 |
  Orcish Mines |   3122 |   2425 |    697 |    733 |   1068 |   2 | 1561.0 |
   Elven Halls |   8656 |   7597 |   1059 |    335 |   6264 |   3 | 2885.3 |
        Vaults |   8906 |   6952 |   1954 |   1329 |   3880 |   5 | 1781.2 |
        Depths |   5424 |   4649 |    775 |    595 |   2911 |   4 | 1356.0 |
           Zot |   2899 |   2254 |    645 |    782 |    744 |   5 |  579.8 |
        Bazaar |    102 |    102 |      0 |      0 |     41 |   1 |  102.0 |
         Trove |     52 |     52 |      0 |      0 |      6 |   1 |   52.0 |
       Ossuary |    771 |    771 |      0 |    238 |    173 |   1 |  771.0 |
    Desolation |   1445 |   1445 |      0 |    207 |    522 |   1 | 1445.0 |
      Gauntlet |    554 |    554 |      0 |      0 |    364 |   1 |  554.0 |
               +--------+--------+--------+--------+--------+-----+--------+

Top non-repeatable levels by time:
   Elf:3: 6027 daAuts
     D:9: 3098 daAuts
  Lair:4: 2651 daAuts
Vaults:4: 2445 daAuts
  Lair:2: 2444 daAuts
    D:10: 2328 daAuts
   Orc:2: 2177 daAuts
 Snake:2: 2099 daAuts
  Lair:5: 1906 daAuts
  Lair:1: 1895 daAuts
    D:11: 1877 daAuts
Depths:1: 1755 daAuts
Vaults:5: 1755 daAuts
  Lair:3: 1733 daAuts
Depths:4: 1703 daAuts
